AoeStats
← God's whip Attila

Arena

507493731Analyzed
4v4 RM · 12d ago on Sep 18, 2026· 52m 36s· 8 players
Game mode
Random Map
Map size
Large (8 player)
Population
200
Speed
Normal
Resources
Standard
Victory
Conquest
Starting age
Dark Age
Ending age
Imperial Age
RankedLock teamsTeams togetherTeam positionsShared explorationLock speedFull tech treeHidden civsTurbo modeCheats
Victory
Defeat
🇩🇪 Persians · Germany
949
+15
🇨🇿 Goths · Czechia
883
+18
🇯🇵 Magyars · Japan
864
+19
🇪🇸 Vietnamese · Spain
843
+19
🇹🇼 Spanish · Taiwan
948
-19
🇹🇼 Bengalis · Taiwan
927
-18
🇦🇷 Cumans · Argentina
913
-17
🇹🇼 Italians · Taiwan
910
-17
76561199184427487
10:08 Feudal Age
10:48 Double-Bit Axe
15:45 Horse Collar
21:24 Castle Age
20:02 Wheelbarrow
19:50 Gold Mining
21:11 Scale Barding Armor
21:17 Forging
21:29 Capped Ram
22:24 Capped Ram
23:30 Heavy Plow
26:47 Chain Barding Armor
27:02 Iron Casting
27:49 Bow Saw
29:38 Gold Shaft Mining
28:53 Stone Mining
33:46 Hand Cart
33:42 Crossbowman
35:04 Thumb Ring
37:59 Imperial Age
37:30 Scale Mail Armor
37:30 Padded Archer Armor
41:00 Plate Barding Armor
41:25 Blast Furnace
40:16 Fletching
40:41 Leather Archer Armor
40:42 Chain Mail Armor
40:46 Elite Steppe Lancer
42:28 Conscription
42:14 Steppe Husbandry
43:29 Chain Mail Armor
44:21 Chemistry
43:41 Ballistics
43:43 Pikeman
44:23 Squires
46:11 Elite Skirmisher
49:05 Ballistics
TOUHOU
11:37 Feudal Age
16:03 Castle Age
15:17 Double-Bit Axe
18:45 Loom
23:05 Horse Collar
25:28 Heavy Plow
30:58 Bloodlines
30:48 Husbandry
31:23 Husbandry
36:13 Imperial Age
34:23 Wheelbarrow
34:15 Scale Barding Armor
36:29 Chain Barding Armor
37:11 Hand Cart
38:27 Chemistry
37:47 Ballistics
37:56 Cavalier
40:03 Conscription
39:44 Elite Conquistador
41:59 Plate Barding Armor
41:34 Forging
42:06 Fletching
42:59 Paladin
44:43 Gold Mining
45:34 Masonry
51:52 Iron Casting
51:13 Bodkin Arrow
grunt230
0:34 Loom
11:47 Feudal Age
17:14 Castle Age
15:56 Double-Bit Axe
15:55 Horse Collar
18:50 Bow Saw
21:32 Heavy Plow
22:32 Crossbowman
27:18 Gold Mining
28:13 Wheelbarrow
28:59 Fletching
29:10 Padded Archer Armor
30:08 Thumb Ring
35:28 Bodkin Arrow
36:36 Murder Holes
39:24 Imperial Age
38:16 Bloodlines
38:07 Husbandry
37:28 Light Cavalry
39:03 Light Cavalry
47:23 Imperial Age
HiOh
4:53 Loom
10:40 Feudal Age
16:51 Castle Age
15:10 Double-Bit Axe
15:30 Horse Collar
19:22 Bow Saw
19:38 Heavy Plow
21:32 Wheelbarrow
24:50 Caravan
27:51 Stone Mining
27:51 Gold Mining
30:59 Imperial Age
28:47 Scale Barding Armor
28:53 Forging
29:26 Bloodlines
29:17 Husbandry
30:47 Chain Barding Armor
31:03 Iron Casting
31:38 Hand Cart
32:19 Gold Mining
32:31 Elite Battle Elephant
36:21 Plate Barding Armor
36:47 Blast Furnace
36:36 Fletching
36:47 Padded Archer Armor
38:21 Elite Elephant Archer
46:39 Elite Skirmisher
kikekalimar
11:33 Feudal Age
12:30 Double-Bit Axe
13:21 Wheelbarrow
12:38 Gold Mining
13:11 Horse Collar
13:36 Man-at-Arms
14:43 Stone Mining
18:12 Fletching
18:33 Forging
21:58 Castle Age
21:26 Padded Archer Armor
21:28 Scale Mail Armor
22:49 Elite Skirmisher
24:25 Leather Archer Armor
24:40 Pikeman
25:52 Long Swordsman
28:19 Iron Casting
28:49 Husbandry
41:24 Imperial Age
39:32 Stone Shaft Mining
39:38 Chain Mail Armor
39:19 Bodkin Arrow
41:27 Halberdier
42:41 Imperial Skirmisher
49:32 Bow Saw
50:41 Light Cavalry
53:11 Chemistry
52:08 Murder Holes
madness
12:24 Feudal Age
16:39 Castle Age
14:38 Double-Bit Axe
15:58 Horse Collar
16:54 Wheelbarrow
18:21 Bow Saw
25:47 Hand Cart
28:34 Gold Mining
29:28 Forging
29:18 Scale Mail Armor
32:49 Imperial Age
31:00 Iron Casting
31:19 Chain Mail Armor
30:56 Pikeman
31:56 Anarchy
32:32 Squires
34:37 Blast Furnace
33:00 Elite Huskarl
33:41 Perfusion
34:03 Conscription
33:04 Halberdier
34:17 Heavy Plow
35:18 Two-Man Saw
36:19 Loom
36:20 Town Watch
45:29 Stone Mining
Aircontrol
5:02 Loom
11:57 Feudal Age
13:22 Horse Collar
20:22 Castle Age
19:45 Double-Bit Axe
20:50 Bloodlines
20:48 Scale Barding Armor
20:54 Forging
25:04 Bow Saw
25:10 Elite Skirmisher
26:42 Ballistics
26:51 Thumb Ring
27:32 Fletching
39:48 Chain Barding Armor
44:27 Heavy Plow
44:45 Kamandaran
50:10 Imperial Age
47:36 Gold Mining
47:36 Stone Mining
49:10 Wheelbarrow
48:21 Town Watch
48:16 Crossbowman
49:01 Padded Archer Armor
49:15 Bodkin Arrow
50:00 Iron Casting
49:34 Murder Holes
51:06 Conscription
51:15 Heavy Camel Rider
51:16 Cavalier
God's whip Attila
7:25 Loom
10:40 Feudal Age
11:06 Double-Bit Axe
19:04 Castle Age
17:38 Horse Collar
18:39 Gold Mining
19:11 Stone Mining
20:28 Heavy Plow
20:48 Bow Saw
25:45 Wheelbarrow
29:06 Padded Archer Armor
29:14 Scale Barding Armor
29:30 Elite Skirmisher
29:44 Pikeman
30:43 Bloodlines
31:38 Husbandry
33:21 Light Cavalry
35:02 Leather Archer Armor
34:38 Fletching
34:49 Scale Mail Armor
36:50 Hand Cart
36:23 Town Watch
41:27 Imperial Age
40:56 Gold Shaft Mining
40:21 Bodkin Arrow
43:20 Chain Barding Armor
43:26 Ballistics
44:36 Corvinian Army
44:15 Halberdier
46:13 Chemistry
46:35 Chain Mail Armor
46:27 Murder Holes
48:19 Crop Rotation
48:53 Two-Man Saw
47:41 Imperial Skirmisher
Connection lost

Rejoining the realm…

Still unreachable

The connection could not be restored.

Session expired

The server has moved on; the page needs a fresh start.